 Dungeon Crawl Stone Soup version 0.24.0-13-gcf9b3192b9 (webtiles) character file.

Game seed: 17746739038691687911, levelgen mode: deterministic

1332 Arum the Insei (level 8, -3/62 HPs)
             Began as a Demonspawn Gladiator on Nov 5, 2019.
             Was a Follower of Okawaru.
             Slain by a wraith (11 damage)
             ... in an ossuary.
             The game lasted 00:08:53 (6524 turns).

Arum the Insei (Demonspawn Gladiator)               Turns: 6524, Time: 00:08:54

Health: -3/62      AC: 17    Str: 16    XL:     8   Next: 34%
Magic:  17/17      EV: 13    Int:  9    God:    Okawaru [*.....]
Gold:   331        SH:  0    Dex: 16    Spells: 7/7 levels left

rFire    . . .     SeeInvis .     - Unarmed
rCold    . . .     Gourm    .   (no shield)
rNeg     . . .     Faith    .   t - +0 ring mail
rPois    +         Spirit   .   b - +0 helmet
rElec    .         Reflect  .   h - +1 cloak {rPois}
rCorr    .         Harm     .   o - +2 pair of gloves
MR       .....                  (no boots)
Stlth    +.........             (no amulet)
HPRegen  0.20/turn              k - ring of magical power
MPRegen  0.15/turn              (no ring)

@: sanguine armour, slowed, lightly drained, very slow
A: claws 1, sanguine armour 1
a: Heroism, Renounce Religion


You were in an ossuary.
You worshipped Okawaru.
Okawaru was aware of your devotion.
You were very hungry.

You visited 1 branch of the dungeon, and saw 6 of its levels.
You also visited: Ossuary.

You collected 331 gold pieces.

Inventory:

Missiles
 c - 3 throwing nets (quivered)
 n - 36 poisoned darts
 v - 4 boomerangs
Armour
 b - a +0 helmet (worn)
 h - a +1 cloak of poison resistance (worn)
 o - a +2 pair of gloves (worn)
 t - a +0 ring mail (worn)
Jewellery
 k - a ring of magical power (left hand)
Wands
 l - a wand of flame (4)
 r - a wand of enslavement (5)
 x - a wand of iceblast (8)
 y - a wand of random effects (20)
Scrolls
 e - 9 scrolls of identify
 f - a scroll of immolation
 i - 7 scrolls of remove curse
 q - 4 scrolls of teleportation
 s - a scroll of enchant armour
 u - a scroll of blinking
 A - a scroll of fear {unknown}
Potions
 a - a potion of flight {unknown}
 g - a potion of curing {unknown}
 j - 2 potions of brilliance
 m - 2 potions of degeneration {unknown}
 p - 4 potions of lignification
 w - 2 potions of agility
 z - a potion of heal wounds {unknown}
 B - a potion of invisibility {unknown}
Comestibles
 d - 12 rations


   Skills:
 + Level 5.3(4.8) Fighting
 + Level 4.9(4.3) Throwing
 + Level 5.3(4.8) Dodging
 + Level 5.4(4.8) Unarmed Combat


You had 7 spell levels left.
You didn't know any spells.
Your spell library was empty.

Dungeon Overview and Level Annotations

Branches:
Dungeon (6/15)            Ossuary (1/1)
 Temple: D:4-7

Altars:
Dithmenos
Gozag
Okawaru
Uskayaw
The Shining One


Innate Abilities, Weirdness & Mutations

You have sharp fingernails.
When seriously injured, your bleeding wounds create armour. (AC +6)


Message History

The wraith is severely damaged.
The wraith hits you but does no damage.
You hit the wraith but do no damage.
The wraith is severely damaged.
The wraith misses you. The wraith hits you.
You hit the wraith.
The wraith is severely damaged.
The wraith hits you.
* * * LOW HITPOINT WARNING * * *
You hit the wraith. Your punch misses the wraith.
The wraith is severely damaged.
The wraith completely misses you.
You hit the wraith but do no damage.
The wraith is severely damaged.
The wraith hits you but does no damage. The wraith hits you!
* * * LOW HITPOINT WARNING * * *
You completely miss the wraith.
The wraith is severely damaged.
The wraith hits you!
You die...

#.# ###.###
#z▓.▓W# ###.###
#.#
######'#######
#.............#
#.+##.###.##W.#
#.# #.# #.# #@#
#.###.###.###.#
#.............#
#.............#
#.###.....###.#
#.#z#.....#z#.#
#.###.....###.#
#.............#
#.............#


You could see a wraith.

Vanquished Creatures
  Grinder (D:6)
  Sigmund (D:3)
  An ice beast (D:5)
  An orc warrior (D:5)
  A sky beast (D:5)
  An ogre (D:5)
  A centaur (D:6)
  2 wights (Ossuary)
  A crimson imp (D:5)
  A hound (D:6)
  4 orc wizards
  Ijyb (D:3)
  Terence (D:2)
  3 worker ants
  A hound skeleton (D:4)
  A howler monkey zombie (D:6)
  A gnoll (D:1)
  8 adders
  2 oozes
  An adder zombie (Ossuary)
  7 worms
  3 adder skeletons
  A dart slug (D:1)
  3 leopard geckos
  13 orcs
  8 bats
  2 giant cockroaches
  5 goblins (D:1)
  7 hobgoblins
  4 jackals (D:4)
  A quokka (D:4)
  A ball python skeleton (Ossuary)
  5 frilled lizards
  4 hobgoblin skeletons (Ossuary)
  A hobgoblin zombie (Ossuary)
  7 kobolds
  A leopard gecko zombie (D:5)
  An orc skeleton (Ossuary)
  An orc zombie (Ossuary)
  9 rats
118 creatures vanquished.

Vanquished Creatures (collateral kills)
  An orc wizard (D:5)
1 creature vanquished.

Grand Total: 119 creatures vanquished

Notes
Turn   | Place    | Note
-------+----------+-------------------------------------------
     0 | D:1      | Arum the Demonspawn Gladiator began the quest for the Orb.
     0 | D:1      | Reached XP level 1. HP: 16/16 MP: 1/1
   304 | D:1      | Gained mutation: When seriously injured, your bleeding
                  | wounds create armour. (AC +6) [demonic ancestry]
   304 | D:1      | Reached XP level 2. HP: 18/22 MP: 2/2
   725 | D:1      | Gained mutation: You have sharp fingernails. [demonic
                  | ancestry]
   725 | D:1      | Reached XP level 3. HP: 27/28 MP: 3/3
  1697 | D:2      | Noticed a +0 dagger
  1699 | D:2      | Noticed a +0 dagger
  1812 | D:2      | Found a hide-covered altar of Uskayaw.
  1824 | D:2      | Noticed Terence
  1846 | D:2      | Killed Terence
  1846 | D:2      | Reached XP level 4. HP: 16/34 MP: 0/4
  2163 | D:2      | Found a glowing golden altar of the Shining One.
  2717 | D:3      | Noticed Ijyb
  2751 | D:3      | Killed Ijyb
  2751 | D:3      | Reached XP level 5. HP: 29/41 MP: 5/5
  3142 | D:3      | Noticed Sigmund
  3223 | D:3      | Killed Sigmund
  3223 | D:3      | Reached XP level 6. HP: 28/47 MP: 6/6
  4499 | D:4      | Found an iron altar of Okawaru.
  4501 | D:4      | Found a shadowy altar of Dithmenos.
  4715 | D:5      | Entered Level 5 of the Dungeon
  4715 | D:5      | Found an opulent altar of Gozag.
  4837 | D:5      | Noticed an ice beast
  4849 | D:5      | Killed an ice beast
  4849 | D:5      | Reached XP level 7. HP: 38/54 MP: 7/7
  5455 | D:4      | Became a worshipper of Warmaster Okawaru
  5767 | D:6      | Reached skill level 5 in Unarmed Combat
  5809 | D:6      | Noticed Grinder
  5833 | D:6      | Paralysed by Grinder for 5 turns
  5847 | D:6      | Paralysed by Grinder for 2 turns
  5852 | D:6      | Killed Grinder
  5852 | D:6      | Reached * piety under Okawaru
  5852 | D:6      | Reached skill level 5 in Fighting
  5852 | D:6      | Reached skill level 5 in Dodging
  5852 | D:6      | Reached XP level 8. HP: 15/62 MP: 8/8
  5972 | D:6      | Found a sand-covered staircase.
  5977 | Ossuary  | Entered an ossuary
  6250 | Ossuary  | Noticed a flying skull
  6283 | Ossuary  | Noticed a flying skull
  6329 | Ossuary  | Noticed a flying skull
  6334 | Ossuary  | Noticed a flying skull
  6524 | Ossuary  | Slain by a wraith

Levels and vault maps discovered:
D:1:      dpeg_arrival_concentric_ovals, layout_basic
D:2:      layout_rooms, dancing_weapons_uskayaw, nicolae_overflow_crystal_walls,
          uniq_terence
D:3:      layout_loops_ring, first_ration, uniq_sigmund, uniq_ijyb
D:4:      layout_basic, nicolae_overflow_hidden_temple
D:5:      layout_rooms, overflow_temple_1_default
D:6:      layout_gridville, grunt_temple_overflow_open,
          nicolae_ossuary_entry_false_entrances, serial_shops, shop,
          uniq_grinder
Ossuary:  ossuary_due_cavern

Skill      XL: |  1  2  3  4  5  6  7 |
---------------+----------------------+-----
Throwing       | 2 3 4 |  4.9
Dodging        | 3 4 5 |  5.3
Unarmed Combat | 3 4 5 |  5.4
Fighting       | 3 4 5 |  5.3

Action                   |  1- 3 |  4- 6 |  7- 9 || total
-------------------------+-------+-------+-------++-------
Melee: Unarmed           |   160 |   297 |   268 ||   725
       Punch             |     1 |     9 |     5 ||    15
Evoke: Wand              |       |     9 |     6 ||    15
  Use: Scroll            |       |       |     8 ||     8
       Potion            |       |       |     1 ||     1
  Eat: Chunk             |     2 |    11 |     1 ||    14
       Ration            |       |       |     1 ||     1
Armor: Leather armour    |    31 |    38 |       ||    69
       Ring mail         |       |    61 |    95 ||   156
       Skin              |       |       |     3 ||     3
Dodge: Dodged            |    79 |   186 |   148 ||   413
